 Dungeon Crawl Stone Soup version 0.29.1-1-gd02db6906a (webtiles) character file.

Game seed: 3937411353517558285

43826 MacCMillion the Spry (level 13, 38/64 HPs)
             Began as a Felid Summoner on Sept 9, 2022.
             Was an Initiate of Gozag.
             Quit the game on level 15 of the Dungeon on Sept 23, 2022.
             The game lasted 03:31:42 (33377 turns).

MacCMillion the Spry (Felid Summoner)              Turns: 33377, Time: 03:31:43

Health: 38/64      AC:  3    Str:  4    XL:     13   Next: 92%
Magic:  28/29      EV: 30    Int: 34    God:    Gozag
Gold:   3812       SH:  5    Dex: 16    Spells: 11/34 levels left
                                        Lives:  1   Deaths: 2

rFire   . . .      SeeInvis +   (weapon unavailable)
rCold   + . .      Faith    .   (shield unavailable)
rNeg    . . .      Spirit   .   (body armour unavailable)
rPois   .          Reflect  +   (helmet unavailable)
rElec   .          Harm     .   (cloak unavailable)
rCorr   .          Rampage  .   (gloves unavailable)
Will    +....                   (boots unavailable)
Stlth   +++.......              E - amulet of reflection
HPRegen 0.20/turn               d - +6 ring of intelligence
MPRegen 0.21/turn               j - +6 ring of intelligence

@: quick
A: very small, claws 1, fangs 3, see invisible, speed 1, shaggy fur 3, stealthy
paws, no weapons or thrown items, no armour, multi-lived
a: Renounce Religion, Potion Petition, Call Merchant, Bribe Branch


You were on level 15 of the Dungeon.
You worshipped Gozag.
Gozag was most pleased with you.
You visited 4 branches of the dungeon, and saw 23 of its levels.

You collected 7064 gold pieces.
You spent 1016 gold pieces at shops.
You paid 2236 gold pieces to Gozag.

Inventory:

Jewellery
 b - a ring of fire
 d - a +6 ring of intelligence (left paw)
 i - a ring of protection from fire
 j - a +6 ring of intelligence (right paw)
 t - a ring of willpower
 v - a ring of ice
 w - a ring of wizardry
 E - an amulet of reflection (around neck)
 F - a ring of willpower
 H - a ring of protection from cold
 J - a ring of wizardry
 R - a +6 ring of dexterity
Wands
 p - a wand of quicksilver (13)
 r - a wand of iceblast (19)
 y - a wand of flame (72)
 A - a wand of digging (24)
 B - a wand of mindburst (22)
Scrolls
 c - 3 scrolls of vulnerability
 f - a scroll of fog
 g - 2 scrolls of fear
 k - 4 scrolls of immolation
 l - 3 scrolls of blinking
 n - 2 scrolls of poison
 u - 6 scrolls of noise
 x - 11 scrolls of teleportation
 z - 2 scrolls of silence
 D - 3 scrolls of magic mapping
 K - 7 scrolls of identify
 O - a scroll of summoning
 S - a scroll of amnesia
Potions
 a - 3 potions of magic
 e - a potion of haste
 h - 3 potions of mutation
 m - 4 potions of brilliance
 o - 5 potions of degeneration
 q - 6 potions of lignification
 s - 4 potions of curing
 C - a potion of heal wounds
 G - 4 potions of attraction
 I - 2 potions of invisibility
 L - 2 potions of cancellation
 M - 3 potions of ambrosia
 N - 2 potions of might
 P - a potion of resistance
 Q - a potion of berserk rage


   Skills:
 - Level 11.7 Fighting
 - Level 19.0 Dodging
 - Level 5.0 Stealth
 - Level 11.4 Spellcasting
 - Level 3.0 Conjurations
 - Level 5.0 Hexes
 + Level 10.7 Summonings
 + Level 7.0 Translocations
 - Level 3.0 Fire Magic
 - Level 7.0 Air Magic


You had 11 spell levels left.
You knew the following spells:

 Your Spells              Type           Power      Damage    Failure   Level
a - Summon Small Mammal   Summ           100%       N/A       1%          1
b - Call Canine Familiar  Summ           75%        N/A       1%          3
c - Summon Guardian Gole  Hex/Summ       65%        N/A       1%          3
d - Summon Lightning Spi  Summ/Air       68%        N/A       1%          4
e - Swiftness             Air            61%        N/A       1%          3
f - Inner Flame           Hex/Fire       46%        N/A       1%          3
g - Foxfire               Conj/Fire      100%       2x1d9     1%          1
h - Summon Forest         Summ/Tloc      34%        N/A       1%          5

Your spell library contained the following spells:

 Spells                   Type           Power      Damage    Failure   Level
 Magic Dart               Conj           100%       1d8       1%          1
 Call Imp                 Summ           75%        N/A       1%          2
 Ensorcelled Hibernation  Hex/Ice        72%        N/A       1%          2
 Searing Ray              Conj           78%        2d7       1%          2
 Confusing Touch          Hex            52%        N/A       1%          3
 Conjure Flame            Conj/Fire      39%        6-21      1%          3
 Dazzling Flash           Conj/Hex       92%        N/A       1%          3
 Sandblast                Erth           38%        2d10      2%          1
 Passwall                 Tmut/Erth      15%        N/A       3%          2
 Stone Arrow              Conj/Erth      58%        3d10      3%          3
 Iskenderun's Mystic Bla  Conj/Tloc      52%        2d11      3%          4
 Fulminant Prism          Conj/Hex       23%        3d13      4%          4
 Flame Wave               Conj/Fire      39%        2d11      7%          4
 Yara's Violent Unravell  Hex/Tmut       18%        3d9       22%         5
 Summon Hydra             Summ           37%        N/A       24%         7
 Irradiate                Conj/Tmut      14%        3d16      34%         5
 Blade Hands              Tmut           9%         N/A       54%         5
 Starburst                Conj/Fire      19%        6d7       71%         6
 Enfeeble                 Hex            26%        N/A       94%         7
 Eringya's Noxious Bog    Tmut/Pois      9%         N/A       98%         6
 Dragon Form              Tmut           9%         N/A       100%        7
 Borgnjor's Revivificati  Necr           9%         N/A       100%        8
 Necromutation            Tmut/Necr      9%         N/A       100%        8
 Death's Door             Necr           9%         N/A       100%        9


Dungeon Overview and Level Annotations

Branches:
Dungeon (15/15)            Temple (1/1) D:4            Lair (5/5) D:11
  Swamp (0/4) Lair:3        Snake (0/4) Lair:3        Slime (0/5) Lair:4
    Orc (2/2) D:12            Elf (0/3) Orc:2
 Vaults: D:13-14     Depths: D:15

Altars:
Ashenzari
Cheibriados
Dithmenos
Elyvilon
Fedhas
Gozag
Hepliaklqana
Makhleb
Nemelex Xobeh
Okawaru
Qazlal
Ru
Sif Muna
Uskayaw
Vehumet
Wu Jian
Yredelemnul
Zin
Jiyva

Shops:
D:7 (   D:10 [   Orc:2 ([:=(   Lair:1 !   Lair:3 ?

Annotations:
D:8 exclusion: 2 oklob plants
D:10 3 runed translucent doors, aduken's ghost, journeyman GnDe
D:13 exclusion: centaur warrior
D:14 Nessos
Lair:1 exclusion: electric eel


Innate Abilities, Weirdness & Mutations

You have sharp claws.
You have razor-sharp teeth.
You have supernaturally acute eyesight. (SInv)
You cover ground quickly. (Speed+)
Your thick and shaggy fur keeps you warm. (AC +3, rC+)
Your paws help you pounce on unaware monsters.
You are incapable of wielding weapons or throwing items.
You cannot wear armour.
You gain extra lives every three experience levels.


Message History

Attack!
Space becomes stable.
Your dryad disappears in a puff of smoke!
Your lightning spire shoots out a bolt of lightning at the two-headed ogre!
The bolt of electricity hits the two-headed ogre!
An efreet comes into view.
It is wielding a +2 scimitar of flaming.
A two-headed ogre comes into view.
It is wielding a +0 giant club and a +0 giant spiked club.
There is a stone staircase leading up here.
Your lightning spire disappears in a puff of smoke!
The two-headed ogre hits your warg with a +0 giant club!!
Your warg dies!
Your warg's corpse disappears in a puff of smoke!
You hear two shouts!
You climb upwards.
Level annotation: Nessos
There is a stone staircase leading down here.
You start resting.
Magic restored.
You climb downwards.
A two-headed ogre comes into view.
It is wielding a +0 giant club and a +0 dire flail.
The two-headed ogre hits you with a +0 giant club!
The two-headed ogre completely misses you.
A two-headed ogre comes into view.
It is wielding a +0 giant club and a +0 giant spiked club.
There is a stone staircase leading up here.
You block the two-headed ogre's attack.
The two-headed ogre hits you with a +0 giant spiked club!!
The two-headed ogre misses you.
The two-headed ogre completely misses you.
You see here 12 gold pieces.
Casting: Call Canine Familiar (safe; 1% risk of failure)
Confirm with . or Enter, or press ? or * to list all spells.
Okay, then.
Casting: Call Canine Familiar (safe; 1% risk of failure)
Confirm with . or Enter, or press ? or * to list all spells.
Your warg closely misses the two-headed ogre.
The two-headed ogre hits your warg with a +0 dire flail!!
Your warg dies!
Your warg's corpse disappears in a puff of smoke!
The two-headed ogre shouts in stereo!
Are you sure you want to abandon this character and quit the game? (Confirm with "yes".)

#...°# ...#
#..°.##+####...#
#...°..........#
#....○.........#
#....RO........#
#..............#
#......O.......#$
#.......O......#
#.......@####...
#........# ...
........# ..
###.....# #.....#
#######


You could see 3 two-headed ogres and an efreet.

Vanquished Creatures
  A boulder beetle (D:12)
  A hydra (Lair:5)
  A tengu warrior (D:13)
  2 orc high priests (Orc:2)
  An orc sorcerer (Orc:2)
  A cyclops (D:12)
  A gargoyle (D:12)
  2 cane toads
  A hornet (Lair:5)
  A polar bear (Lair:5)
  2 trolls (Orc:2)
  4 spriggans (Lair:5)
  A hog (Lair:5)
  10 yaks
  A vampire mosquito (D:13)
  2 wargs (Orc:2)
  7 orc warriors
  A water moccasin (Lair:5)
  A black bear (Lair:5)
  6 wolves (Lair:5)
  An ogre (Orc:2)
  2 boggarts (Lair:5)
  A centaur (D:11)
  An electric eel (Lair:3)
  6 orc priests
  4 orc wizards (Orc:2)
  7 orcs
  3 bats (D:1)
  A kobold (D:11)
73 creatures vanquished.

Vanquished Creatures (collateral kills)
  Kirke (Lair:5)
  An orc warlord (Orc:2)
  An ettin (D:14)
  An ogre mage (D:15)
  3 boulder beetles
  2 hydras
  A two-headed ogre (D:11)
  5 death yaks (Lair:4)
  A tengu warrior (D:14)
  3 bog bodies (Lair:3)
  A harpy (shapeshifter) (D:14)
  A deep elf pyromancer (D:12)
  3 ugly things
  2 oklob plants (Lair:4)
  An orc knight (D:15)
  A manticore (D:12)
  2 orc sorcerers (Orc:2)
  13 elephants
  3 black mambas (Lair:5)
  A gargoyle (D:13)
  2 torpor snails
  8 cane toads
  An unseen horror (D:11)
  2 kobold demonologists (D:11)
  3 rime drakes
  A freezing wraith (D:14)
  4 komodo dragons
  A tengu conjurer (D:13)
  7 hornets
  2 polar bears
  3 trolls
  A slime creature (shapeshifter) (D:13)
  7 blink frogs
  8 slime creatures
  2 dream sheep (Lair:3)
  11 spriggans (Lair:5)
  4 wyverns
  A vampire (D:14)
  3 wraiths
  25 yaks
  2 hogs (Lair:5)
  2 basilisks
  A steam dragon (D:6)
  4 vampire mosquitoes
  Menkaure (D:7)
  A swamp worm (Lair:3)
  7 wargs
  An acid dragon (D:9)
  7 water moccasins
  A floating eye (D:8)
  2 ice beasts
  26 orc warriors
  3 black bears (Lair:5)
  An ogre (Orc:2)
  15 wolves
  2 boggarts (Lair:5)
  5 centaurs
  3 kobold brigands
  11 bullfrogs
  A gnoll sergeant (D:7)
  2 necrophages (D:6)
  A scorpion (Lair:1)
  9 wights
  Dowan (D:7)
  7 killer bees
  7 howler monkeys
  3 hounds
  A gnoll bouda (D:7)
  24 orc priests
  8 jellies
  4 iguanas
  27 orc wizards
  9 gnolls (D:7)
  4 adders
  A white imp (D:6)
  2 worms (D:4)
  3 dart slugs
  95 orcs
  5 bats
  22 endoplasms
  3 giant cockroaches
  11 goblins
  8 hobgoblins
  10 jackals
  29 kobolds
  4 quokkas
  7 ball pythons
  2 frilled lizards (D:3)
  6 rats
  3 butterflies
  A foxfire (Lair:5)
558 creatures vanquished.

Vanquished Creatures (others)
  2 hydras (Lair:3)
  A two-headed ogre (D:4)
  2 elephants (Lair:4)
  2 cane toads
  2 rime drakes
  2 trolls
  Prince Ribbit (D:7)
  A queen bee (Lair:2)
  Grinder (D:4)
  A blink frog (Lair:4)
  A dream sheep (Lair:3)
  3 yaks
  A basilisk (Lair:4)
  A hog (Lair:5)
  A naga (Lair:3)
  A water moccasin (Lair:3)
  An acid dragon (D:8)
  Duvessa (D:7)
  An orc warrior (Orc:2)
  An ogre (D:6)
  2 wights (D:8)
  7 killer bees
  An orc priest (D:8)
  An orc wizard (D:4)
  An adder (D:4)
  An orc (D:7)
  14 foxfires
  65 fungi
  88 plants
  4 snaplasher vines
211 creatures vanquished.

Grand Total: 842 creatures vanquished

Notes
Turn   | Place    | Note
-------+----------+-------------------------------------------
     0 | D:1      | MacCMillion the Felid Summoner began the quest for the Orb.
     0 | D:1      | Reached XP level 1. HP: 7/7 MP: 4/4
   226 | D:1      | Reached XP level 2. HP: 7/11 MP: 1/6
   588 | D:1      | Reached XP level 3. HP: 14/14 MP: 6/8
   603 | D:1      | Learned a level 3 spell: Call Canine Familiar
  1457 | D:2      | Found a faded altar of an unknown god.
  2270 | D:3      | Reached XP level 4. HP: 18/18 MP: 9/9
  2350 | D:2      | Learned a level 3 spell: Summon Guardian Golem
  2720 | D:3      | Reached skill level 5 in Summonings
  2761 | D:3      | Reached skill level 3 in Dodging
  3141 | D:4      | Noticed Grinder
  3183 | D:4      | Reached skill level 1 in Fighting
  3306 | D:4      | Reached XP level 5. HP: 22/22 MP: 11/11
  3579 | D:4      | Paralysed by Grinder for 5 turns
  3610 | D:4      | Found a staircase to the Ecumenical Temple.
  3980 | D:4      | Killed from afar by an orc wizard
  3981 | D:4      | Reached XP level 4. HP: -4/19 MP: 10/10
  4307 | D:4      | Reached XP level 5. HP: 22/22 MP: 8/11
  4353 | Temple   | Entered the Ecumenical Temple
  4453 | Temple   | Became a worshipper of Gozag Ym Sagoz the Greedy
  4534 | D:4      | Found a snail-covered altar of Cheibriados.
  4871 | D:4      | Noticed a two-headed ogre
  4890 | D:4      | Killed a two-headed ogre
  4891 | D:4      | Reached skill level 5 in Dodging
  4891 | D:4      | Gained mutation: You are covered in thick fur. (AC +2)
                  | [Felid growth]
  4891 | D:4      | Reached XP level 6. HP: 28/28 MP: 7/14
  4891 | D:4      | Reached XP level 7. HP: 31/31 MP: 7/15
  5194 | D:4      | Killed Grinder
  5195 | D:4      | Reached skill level 6 in Dodging
  5389 | D:5      | Entered Level 5 of the Dungeon
  5441 | D:5      | Reached skill level 5 in Spellcasting
  5708 | D:5      | Identified the +9 longbow "Cat's Bane" {speed, rElec Int-5
                  | Dex+5}
  6073 | D:6      | Noticed a steam dragon
  6129 | D:6      | Reached XP level 8. HP: 36/36 MP: 12/16
  6943 | D:6      | Learned a level 4 spell: Summon Lightning Spire
  7416 | D:6      | You fall into a shaft and drop 3 floors!
  7470 | D:8      | Reached skill level 7 in Dodging
  7470 | D:8      | Reached skill level 1 in Hexes
  7524 | D:8      | Reached skill level 5 in Fighting
  7524 | D:8      | Reached skill level 1 in Air Magic
  7628 | D:8      | Noticed an oklob plant
  7669 | D:8      | Paralysed by a floating eye for 3 turns
  7673 | D:8      | Reached XP level 9. HP: 32/40 MP: 14/18
  7677 | D:8      | Paralysed by a floating eye for 2 turns
  7773 | D:8      | Found an ornate altar of the Wu Jian Council.
  7895 | D:7      | Found Holiwnae's Antique Weapon Emporium.
  8023 | D:7      | Noticed Prince Ribbit
  8026 | D:7      | Noticed Menkaure
  8061 | D:7      | Noticed Duvessa
  8079 | D:7      | Noticed Dowan
  8372 | D:8      | Found a hazy altar of Hepliaklqana.
  8405 | D:8      | Noticed an oklob plant
  8714 | D:8      | Reached skill level 5 in Hexes
  8953 | D:7      | Killed Dowan
  9265 | D:6      | Reached skill level 8 in Dodging
  9697 | D:7      | Killed Menkaure
 10182 | D:7      | Killed Duvessa
 10538 | D:7      | Found a sparkling altar of Nemelex Xobeh.
 10538 | D:7      | Found a hide-covered altar of Uskayaw.
 10610 | D:7      | Killed Prince Ribbit
 10611 | D:7      | Reached XP level 10. HP: 45/45 MP: 16/21
 10677 | D:7      | Identified the +0 leather armour of Blue Skies {rN++ MP-9}
 11538 | D:9      | Reached skill level 9 in Dodging
 12622 | D:9      | Noticed an eight-headed hydra
 12631 | D:9      | Killed an eight-headed hydra
 13538 | D:10     | Entered Level 10 of the Dungeon
 13733 | D:10     | Found a runed translucent gate.
 13733 | D:10     | Found a runed translucent gate.
 13736 | D:10     | Found a runed translucent gate.
 13739 | D:10     | Noticed aduken's ghost (journeyman GnDe)
 13935 | D:10     | Found Fyet's Armour Shoppe.
 14056 | D:10     | Reached skill level 10 in Dodging
 14163 | D:10     | Reached skill level 5 in Air Magic
 14714 | D:11     | Reached XP level 11. HP: 50/50 MP: 21/23
 14812 | D:11     | Found a staircase to the Lair.
 15295 | D:11     | Noticed a two-headed ogre
 15306 | D:11     | Killed a two-headed ogre
 15821 | Lair:1   | Entered Level 1 of the Lair of Beasts
 16864 | Lair:1   | Bought a potion of cancellation for 112 gold pieces
 16915 | Lair:2   | Noticed a boulder beetle
 16927 | Lair:2   | Killed a boulder beetle
 16928 | Lair:2   | Reached skill level 11 in Dodging
 17198 | Lair:2   | Identified the +8 battleaxe of a Thousand Dances {vorpal,
                  | Contam rN+ MP+9 Stlth+}
 17596 | Lair:2   | Reached skill level 10 in Summonings
 18078 | Lair:3   | Gained mutation: Your thick and shaggy fur keeps you warm.
                  | (AC +3, rC+) [Felid growth]
 18078 | Lair:3   | Reached XP level 12. HP: 56/56 MP: 13/25
 18085 | Lair:3   | Noticed a boulder beetle
 18426 | Lair:3   | Reached skill level 12 in Dodging
 18530 | Lair:3   | Killed a boulder beetle
 18620 | Lair:3   | Found a staircase to the Snake Pit.
 18638 | Lair:3   | Noticed a six-headed hydra
 18641 | Lair:3   | Killed a six-headed hydra
 19234 | Lair:3   | Noticed a four-headed hydra
 19251 | Lair:3   | Killed a four-headed hydra
 19252 | Lair:3   | Reached skill level 10 in Fighting
 19252 | Lair:3   | Reached skill level 13 in Dodging
 19727 | Lair:3   | Reached skill level 10 in Spellcasting
 19975 | Lair:3   | Reached skill level 14 in Dodging
 20335 | Lair:3   | Found a staircase to the Swamp.
 20510 | Lair:3   | Bought a scroll of identify for 20 gold pieces
 20510 | Lair:3   | Bought a scroll of magic mapping for 75 gold pieces
 20510 | Lair:3   | Bought a scroll of silence for 95 gold pieces
 20512 | Lair:3   | Upgraded the game from 0.29.0-13-gc9e81de378 to
                  | 0.29.1-1-gd02db6906a
 20516 | Lair:3   | Learned a level 3 spell: Swiftness
 20692 | Lair:4   | Reached skill level 15 in Dodging
 20706 | Lair:4   | Reached XP level 13. HP: 61/61 MP: 15/28
 20927 | Lair:4   | Learned a level 3 spell: Inner Flame
 20929 | Lair:4   | Learned a level 1 spell: Foxfire
 21266 | Lair:4   | Found a viscous altar of Jiyva.
 21267 | Lair:4   | Found a staircase to the Slime Pits.
 21358 | Lair:4   | Reached skill level 1 in Conjurations
 21358 | Lair:4   | Reached skill level 1 in Fire Magic
 21930 | Lair:4   | Reached skill level 5 in Stealth
 22709 | Lair:4   | Reached skill level 16 in Dodging
 22769 | Lair:5   | Entered Level 5 of the Lair of Beasts
 23298 | Lair:5   | Noticed Kirke
 23565 | Lair:5   | Reached skill level 17 in Dodging
 23769 | Lair:4   | Learned a level 1 spell: Summon Small Mammal
 23939 | Lair:5   | Killed Kirke
 24092 | Lair:5   | Reached skill level 18 in Dodging
 24949 | Lair:5   | Reached skill level 19 in Dodging
 24951 | Lair:5   | Reached XP level 14. HP: 66/66 MP: 23/29
 27124 | D:12     | Found a staircase to the Orcish Mines.
 27485 | Orc:1    | Entered Level 1 of the Orcish Mines
 28040 | Orc:2    | Entered Level 2 of the Orcish Mines
 28716 | Orc:2    | Found Plog's Antique Weapon Shoppe.
 29304 | Orc:2    | Found a staircase to the Elven Halls.
 30045 | Orc:2    | Found Jekoiw's Book Shop.
 30120 | Orc:2    | Noticed an orc warlord
 30139 | Orc:2    | Killed an orc warlord
 30877 | Orc:2    | Found Iboceo's Antique Weapon Shoppe.
 30880 | Orc:2    | Found Xaigav's Antique Armour Emporium.
 31044 | Orc:2    | Bought a Fen Folio for 714 gold pieces
 31079 | Orc:2    | Learned a level 5 spell: Summon Forest
 31201 | D:13     | Reached skill level 1 in Translocations
 32244 | D:13     | Reached skill level 5 in Translocations
 32883 | D:14     | Noticed Nessos
 32894 | D:14     | HP: 3/68 [Nessos/arrow (6)]
 32895 | D:14     | Succumbed to Nessos's poison
 32896 | D:14     | Reached XP level 13. HP: -5/64 MP: 14/29
 32988 | D:14     | Noticed an ettin
 33005 | D:14     | Killed an ettin
 33082 | D:14     | Found a radiant altar of Vehumet.
 33266 | D:15     | Entered Level 15 of the Dungeon
 33377 | D:15     | Quit the game

Illustrated notes

Levels and vault maps discovered:
D:1:      dpeg_arrival_circle_labyrinth_c, layout_basic
D:2:      layout_rooms, basic_ecumenical_altar
D:3:      layout_loops_ring, minmay_crystal_water, lexackson_kobold_supper
D:4:      layout_basic, slow_altar_2, minmay_temple_entry_glassed_door,
          chequers_serial_rivers_large_a, uniq_grinder
D:5:      layout_rooms
D:6:      layout_cave_pools, serial_bayou_lagoon_a
D:7:      layout_basic, gammafunk_temple_overflow_wave, serial_shops, shop,
          uniq_duvessa, uniq_menkaure, uniq_prince_ribbit1
D:8:      layout_basic, mainiacjoe_overflow_catwalk_spiral, disabler_island
D:9:      layout_layer_cave, enter_bailey_2
D:10:     layout_roguey, serial_shops, kennysheep_little_box,
          ebering_ghost_rock_garden, minmay_fountain_box
D:11:     layout_gridville, erik_lair_orcish_takeover
D:12:     layout_roguey, david_orc_4
D:13:     layout_grid_maze, kennysheep_just_a_vault
D:14:     layout_loops_ring, david_vaults_4, infiniplex_staircase_split_hallway,
          nicolae_vehumet_radiance, uniq_nessos
D:15:     hangedman_depths_entry_try_elsewhere_first, layout_irregular_city,
          nicolae_tso_swordbearing_angel
Temple:   minmay_crystal_spiral_temple
Lair:1:   dreamdust_cave_troll, layout_loops_ring, minivault_24,
          grunt_forest_small_clearings, infiniplex_staircase_pool,
          grunt_megastairs_4, lemuel_fruit_fields
Lair:2:   layout_misc_corridors, special_room [special_room_bee]
Lair:3:   layout_regular_city, nicolae_swamp_entry_splash_gauntlet,
          guppyfry_snake_entry_island, minmay_stone_trees_small,
          grunt_megastairs_5, lemuel_fruit_fields, lemuel_fruit_tree,
          lemuel_fruit_fields
Lair:4:   lemuel_slime, layout_long_grid, slime_entry_1, pond,
          lemuel_fruit_fields, lemuel_fruit_fields
Lair:5:   minmay_lair_end_enchanted_forest, layout_regular_city, uniq_kirke
Orc:1:    layout_caves
Orc:2:    grunt_orc_community_town_hall, layout_diamond_mine,
          grunt_orc_community_big_house_1, grunt_orc_community_big_house_1,
          grunt_orc_community_house_2, grunt_orc_community_house_2,
          grunt_orc_community_house_2, grunt_orc_community_house_3,
          grunt_orc_community_house_3

Skill      XL: |  1  2  3  4  5  6  7  8  9 10 11 12 13 14 |
---------------+-------------------------------------------+-----
Spellcasting   | 3 4 5 6 7 8 10 11 | 11.4
Summonings     | 5 6 7 8 9 10 | 10.7
Dodging        | 3 5 6 7 8 10 11 15 19 | 19.0
Fighting       | 1 3 4 5 6 7 8 10 11 | 11.7
Hexes          | 3 5 |  5.0
Air Magic      | 1 3 5 6 7 |  7.0
Stealth        | 5 |  5.0
Conjurations   | 3 |  3.0
Fire Magic     | 3 |  3.0
Translocations | 7 5 |  7.0

Action                   |  1- 3 |  4- 6 |  7- 9 | 10-12 | 13-15 || total
-------------------------+-------+-------+-------+-------+-------++-------
Melee: Unarmed           |     8 |     1 |     2 |    11 |    17 ||    39
       Punch             |     1 |       |       |     1 |       ||     2
       Bite              |       |       |       |     1 |     1 ||     2
 Cast: Summon Small Mamm |    29 |     3 |     2 |     1 |    11 ||    46
       Call Canine Famil |    12 |    22 |    42 |    84 |   116 ||   276
       Summon Guardian G |       |     7 |    25 |    44 |    20 ||    96
       Summon Lightning  |       |       |    14 |    72 |   159 ||   245
       Swiftness         |       |       |       |     1 |     8 ||     9
       Inner Flame       |       |       |       |       |    55 ||    55
       Foxfire           |       |       |       |       |     8 ||     8
       Summon Forest     |       |       |       |       |    12 ||    12
Invok: Call Merchant     |       |       |       |     2 |     1 ||     3
Evoke: Wand              |       |       |       |     1 |       ||     1
  Use: Scroll            |     2 |     2 |     8 |     8 |     8 ||    28
       Potion            |       |       |       |       |     1 ||     1
 Stab: Betrayed ally     |       |       |       |       |     1 ||     1
Armor: Skin              |     3 |       |     4 |     2 |     3 ||    12
Dodge: Dodged            |    31 |    12 |    78 |    59 |    65 ||   245
Block: Other             |       |       |    11 |    15 |     8 ||    34
       Reflection        |       |       |     5 |     4 |       ||     9
